AoeStats
← bkg45

Fortress

509250823Analyzed
4v4 RM · 5d ago on Sep 26, 2026· 39m 52s· 8 players
Game mode
Random Map
Map size
Huge
Population
200
Speed
Normal
Resources
Standard
Victory
Conquest
Starting age
Dark Age
Ending age
Imperial Age
RankedLock teamsTeams togetherTeam positionsShared explorationLock speedFull tech treeHidden civsTurbo modeCheats
Victory
Defeat
🇨🇴 Japanese · Colombia
1290
+14
🇨🇳 Huns · China
1290
+14
🇲🇽 Bohemians · Mexico
1286
+15
🇲🇽 Persians · Mexico
1266
+15
🇺🇸 Persians · United States
1324
-17
🇺🇸 Varangians · United States
1279
-15
🇨🇳 Danes · China
1254
-15
🇺🇸 Japanese · United States
1161
-11
le Alexis Á
6:51 Feudal Age
11:26 Castle Age
9:46 Double-Bit Axe
14:43 Wheelbarrow
15:15 Loom
18:11 Horse Collar
18:59 Fletching
20:50 Forging
22:02 Town Watch
24:07 Bodkin Arrow
27:20 Chemistry
26:12 Guard Tower
31:20 Imperial Age
29:34 Ballistics
29:10 Murder Holes
29:25 Masonry
29:46 Padded Archer Armor
30:27 Bow Saw
30:44 Leather Archer Armor
31:47 Scale Mail Armor
32:23 Iron Casting
31:53 Elite Skirmisher
32:57 Bracer
34:44 Heavy Plow
36:12 Ring Archer Armor
36:20 Conscription
le jaguar
7:38 Feudal Age
10:33 Double-Bit Axe
13:01 Castle Age
11:13 Horse Collar
14:12 Bow Saw
14:28 Heavy Plow
15:00 Loom
21:11 Wheelbarrow
22:22 Town Watch
25:44 Imperial Age
23:40 Gold Mining
24:32 Bloodlines
24:23 Husbandry
25:18 Scale Barding Armor
25:30 Forging
26:04 Gold Shaft Mining
26:13 Cavalier
27:10 Town Patrol
29:01 Chain Barding Armor
28:39 Savar
30:45 Iron Casting
33:29 Plate Barding Armor
33:55 Blast Furnace
33:25 Conscription
33:29 Hand Cart
35:46 Stone Mining
37:31 Two-Man Saw
39:46 Light Cavalry
uu
8:36 Feudal Age
10:14 Loom
12:43 Castle Age
11:23 Horse Collar
11:28 Double-Bit Axe
17:26 Wheelbarrow
17:04 Bow Saw
17:08 Heavy Plow
20:38 Gold Mining
21:05 Hand Cart
22:16 Gold Shaft Mining
26:33 Imperial Age
23:57 Stone Mining
24:25 Scale Barding Armor
24:34 Marauders
25:39 Forging
25:49 Chain Barding Armor
26:56 Iron Casting
26:12 Light Cavalry
27:04 Bloodlines
26:55 Husbandry
28:18 Two-Man Saw
28:03 Plate Barding Armor
28:05 Conscription
30:30 Blast Furnace
30:34 Elite Tarkan
33:40 Fletching
33:50 Padded Archer Armor
le Bloodskill96
6:57 Feudal Age
7:31 Loom
8:04 Loom
11:13 Castle Age
9:27 Double-Bit Axe
9:39 Horse Collar
10:42 Scale Mail Armor
12:13 Bow Saw
15:18 Town Watch
16:02 Chain Mail Armor
17:26 Forging
18:07 Squires
20:20 Arson
30:33 Imperial Age
33:51 Two-Man Saw
33:15 Conscription
32:17 Pikeman
33:48 Wheelbarrow
33:50 Halberdier
35:04 Plate Mail Armor
35:10 Iron Casting
35:36 Hand Cart
35:56 Gambesons
39:57 Blast Furnace
39:22 Capped Ram
Howie
2:31 Loom
7:00 Loom
9:06 Feudal Age
9:13 Feudal Age
12:38 Castle Age
11:38 Double-Bit Axe
12:10 Horse Collar
16:09 Bow Saw
20:13 Gold Mining
20:49 Scale Barding Armor
20:38 Loom
21:36 Wheelbarrow
22:20 Bloodlines
22:10 Husbandry
24:39 Hand Cart
24:11 Town Watch
24:20 Stone Mining
28:34 Imperial Age
26:32 Chain Barding Armor
26:23 Forging
26:04 Fletching
26:15 Padded Archer Armor
27:52 Heavy Plow
28:41 Iron Casting
27:31 Vendel Legacy
28:46 Bodkin Arrow
29:42 Conscription
30:24 Elite Jarl
31:47 Plate Barding Armor
32:33 Two-Man Saw
33:00 Chemistry
33:09 Blast Furnace
32:10 Bracer
32:50 Masonry
33:14 Pikeman
osteor10
6:55 Feudal Age
11:25 Castle Age
13:33 Double-Bit Axe
14:33 Horse Collar
18:58 Fletching
20:09 Bodkin Arrow
20:14 Loom
20:58 Thumb Ring
23:01 Bow Saw
23:31 Wheelbarrow
24:00 Padded Archer Armor
27:40 Imperial Age
27:14 Heavy Plow
27:37 Leather Archer Armor
28:23 Forging
29:48 Chemistry
28:50 Husbandry
29:01 Bloodlines
29:34 Parthian Tactics
30:30 Ballistics
30:54 Conscription
31:37 Hand Cart
31:07 Town Watch
31:55 Pikeman
38:57 Ring Archer Armor
39:36 Squires
39:21 Arson
逐曦者
7:43 Feudal Age
12:03 Castle Age
10:08 Scale Mail Armor
10:01 Double-Bit Axe
10:01 Horse Collar
10:15 Loom
10:55 Gold Mining
11:57 Arson
17:44 Squires
18:36 Chain Mail Armor
30:00 Imperial Age
28:08 Heavy Plow
28:20 Bow Saw
29:02 Forging
29:17 Gambesons
30:21 Gold Shaft Mining
29:37 Stone Mining
31:56 Wheelbarrow
32:21 Stone Shaft Mining
33:14 Chemistry
32:21 Siege Engineers
33:41 Elite Varangian Guard
34:53 Plate Mail Armor
35:22 Conscription
35:25 Fletching
35:21 Elite Skirmisher
36:58 Hand Cart
36:50 Bodkin Arrow
38:39 Bracer
38:40 Padded Archer Armor
bkg45
7:47 Feudal Age
8:53 Town Watch
11:36 Castle Age
9:42 Double-Bit Axe
9:51 Horse Collar
12:19 Bow Saw
19:26 Loom
20:03 Fletching
20:39 Bodkin Arrow
24:59 Wheelbarrow
25:00 Gold Mining
25:01 Stone Mining
28:56 Imperial Age
27:28 Gold Shaft Mining
27:35 Scale Barding Armor
27:41 Forging
27:55 Heavy Plow
28:42 Chain Barding Armor
30:04 Iron Casting
29:51 Conscription
29:59 Bloodlines
29:50 Husbandry
30:52 Plate Barding Armor
31:35 Hand Cart
31:20 Elite War Elephant
34:58 Blast Furnace
Connection lost

Rejoining the realm…

Still unreachable

The connection could not be restored.

Session expired

The server has moved on; the page needs a fresh start.